 Dungeon Crawl Stone Soup version 0.27-a0-242-ge0fc76b88b (webtiles) character file.

Game seed: 3387930648395467370

293 Klosterheim the Slasher (level 6, -6/51 HPs)
             Began as a Draconian Warper on Feb 3, 2021.
             Mangled by an orc warrior
             ... wielding a +0 antimagic long sword
              (16 damage)
             ... on level 4 of the Dungeon.
             The game lasted 00:19:37 (5305 turns).

Klosterheim the Slasher (Draconian Warper)          Turns: 5305, Time: 00:19:37

Health: -6/51      AC:  8    Str: 13    XL:     6   Next: 11%
Magic:  1/9        EV: 13    Int: 15    God:
Gold:   121        SH:  0    Dex: 11    Spells: 6/9 levels left

rFire    . . .     SeeInvis .   a - +1 falchion
rCold    . . .     Faith    .   (no shield)
rNeg     . . .     Spirit   .   (armour unavailable)
rPois    .         Reflect  .   (helmet restricted)
rElec    .         Harm     .   i - +1 cloak
rCorr    .         Rampage  .   (no gloves)
Will     .....                  (no boots)
Stlth    +.........             b - amulet of magic regeneration
HPRegen  0.17/turn              e - ring of wizardry
MPRegen  0.36/turn              k - +4 ring of slaying

@: about to teleport, very slightly contaminated
A: unfitting armour, cold-blooded, AC +6
a: no special abilities


You were on level 4 of the Dungeon.
You visited 1 branch of the dungeon, and saw 4 of its levels.

You collected 121 gold pieces.

Inventory:

Hand Weapons
 a - a +1 falchion (weapon)
Missiles
 d - 4 boomerangs of dispersal (quivered)
Armour
 i - a +1 cloak (worn)
Jewellery
 b - an amulet of magic regeneration (around neck)
 e - a ring of wizardry (left hand)
 k - a +4 ring of slaying (right hand)
Scrolls
 c - a scroll of blinking
 h - a scroll of enchant armour
 p - a scroll of teleportation
Potions
 l - a potion of flight


   Skills:
 - Level 3.0 Fighting
 + Level 5.7 Long Blades
 - Level 1.0 Throwing
 - Level 3.0 Dodging
 - Level 2.0 Spellcasting
 - Level 3.0 Translocations


You had 6 spell levels left.
You knew the following spells:

 Your Spells              Type           Power        Failure   Level
a - Gell's Gravitas       Tloc           5%           8%          3

Your spell library contained the following spells:

 Spells                   Type           Power        Failure   Level
 Blink                    Tloc           N/A          4%          2
 Lesser Beckoning         Tloc           5%           8%          3
 Teleport Other           Tloc           10%          8%          3
 Sandblast                Erth           2%           9%          1
 Shock                    Conj/Air       4%           9%          1
 Passage of Golubria      Tloc           N/A          26%         4


Dungeon Overview and Level Annotations

Branches:
Dungeon (4/15)
 Temple: D:4-7

Altars:
Fedhas
Okawaru
Sif Muna
Trog
Xom


Innate Abilities, Weirdness & Mutations

Your plain brown scales are hard. (AC +6)
You cannot fit into any form of body armour.
You are cold-blooded and may be slowed by cold attacks.


Message History

* * * LOW HITPOINT WARNING * * *
You feel your power leaking away.
You feel better.
The orc warrior hits you with a +0 antimagic long sword.
* * * LOW HITPOINT WARNING * * *
You feel your power leaking away.
Okay, then.
k - a +4 ring of slaying (right branch)
You hit the orc warrior but do no damage.
The orc warrior is heavily wounded.
You feel less wooden.
Your +1 cloak unmelds from your body.
The orc warrior hits you but does no damage.
You hit the orc warrior.
The orc warrior is heavily wounded.
The orc warrior closely misses you.
As you read the scroll of teleportation, it crumbles to dust.
You feel strangely unstable.
The orc warrior hits you with a +0 antimagic long sword!
You die...

############
###########
#..........#
..........#
#..@o......#
..........#
#..........#
..........#
#..........#
....<.....#
######.#..##
#####.#####
.....# #######
##.#
##(#..##......
#..#
.####.##.##......
#.## ......
.##...... #.#
#..o# .....#.#.


You could see an orc warrior.

Vanquished Creatures
  A scorpion (D:4)
  An orc wizard (D:4)
  A worker ant (D:4)
  3 gnolls (D:2)
  4 adders
  A white imp (D:4)
  2 oozes
  5 worms
  4 dart slugs
  A leopard gecko (D:3)
  4 orcs (D:4)
  A ball python (D:1)
  5 giant cockroaches
  3 goblins
  9 hobgoblins
  14 jackals
  A quokka (D:2)
  9 bats
  7 frilled lizards
  8 kobolds
  9 rats
93 creatures vanquished.

Notes
Turn   | Place    | Note
-------+----------+-------------------------------------------
     0 | D:1      | Klosterheim the Draconian Warper began the quest for the
                  | Orb.
     0 | D:1      | Reached XP level 1. HP: 17/17 MP: 3/3
   143 | D:1      | Reached skill level 1 in Throwing
   335 | D:1      | Reached XP level 2. HP: 14/25 MP: 5/5
  1251 | D:2      | Reached XP level 3. HP: 21/30 MP: 6/6
  1941 | D:2      | Reached skill level 3 in Long Blades
  2098 | D:2      | Reached XP level 4. HP: 33/38 MP: 7/7
  2535 | D:3      | Learned a level 3 spell: Gell's Gravitas
  3184 | D:3      | Found an iron altar of Okawaru.
  3186 | D:3      | Found a shimmering altar of Xom.
  3443 | D:2      | Found a blossoming altar of Fedhas.
  3645 | D:2      | Reached skill level 4 in Long Blades
  3803 | D:2      | Reached XP level 5. HP: 18/45 MP: 5/8
  4806 | D:4      | Reached skill level 5 in Long Blades
  4979 | D:4      | Found a shimmering blue altar of Sif Muna.
  4987 | D:4      | Identified Sif Muna's Compendium of Ashen Air
  4993 | D:4      | Found a bloodstained altar of Trog.
  4993 | D:4      | Noticed an orc warrior
  5033 | D:4      | Reached XP level 6. HP: 26/51 MP: 9/9
  5305 | D:4      | Mangled by an orc warrior

Illustrated notes

Levels and vault maps discovered:
D:1:      lemuel_arrival_muddy, layout_loops_ring
D:2:      layout_loops_cross, lemuel_crystal_altar
D:3:      layout_basic, chequers_temple_overflow_statue_of_worship
D:4:      layout_rooms, nzn_overflow_gifts_of_might_and_magic, sigmund_army

Skill      XL: |  1  2  3  4  5 |
---------------+----------------+-----
Throwing       | 1 |  1.0
Fighting       | 3 |  3.0
Long Blades    | 3 4 5 |  5.7
Dodging        | 3 |  3.0
Spellcasting   | |  2.0
Translocations | |  3.0

Action                   |  1- 3 |  4- 6 || total
-------------------------+-------+-------++-------
Melee: Falchion          |   141 |   226 ||   367
       Tailslap          |    16 |    24 ||    40
Throw: Dart              |       |     2 ||     2
       Boomerang         |       |     1 ||     1
 Cast: Gell's Gravitas   |       |     3 ||     3
  Use: Scroll            |       |     8 ||     8
       Potion            |       |     6 ||     6
 Stab: Sleeping          |     1 |     2 ||     3
       Invisible         |       |     4 ||     4
Armor: Skin              |    46 |    63 ||   109
Dodge: Dodged            |   106 |   130 ||   236
       Rpst.: Falchion   |    39 |    39 ||    78

Table legend: (Time is in decaauts)
 A = Elapsed time spent in this place.
 B = Non-inter-level travel time spent in this place.
 C = Inter-level travel time spent in this place.
 D = Time resting spent in this place.
 E = Time spent auto-exploring this place.
 F = Levels seen in this place.
 G = Mean time per level.
                   A        B        C        D        E       F      G
               +--------+--------+--------+--------+--------+-----+--------+
         Total |   5347 |   5215 |    132 |   1932 |   2274 |   4 | 1336.8 |
       Dungeon |   5347 |   5215 |    132 |   1932 |   2274 |   4 | 1336.8 |
               +--------+--------+--------+--------+--------+-----+--------+

Top non-repeatable levels by time:
     D:2: 1928 daAuts
     D:1: 1234 daAuts
     D:4: 1177 daAuts
     D:3: 1007 daAuts
